 Dungeon Crawl Stone Soup version 0.16.2-12-gd0ad4c3 (webtiles) character file.

1437 dalore the Basher (level 8, 0/67 HPs)
             Began as a Minotaur Berserker on July 4, 2015.
             Was an Elder of Trog.
             Succumbed to poison (a potion of poison)
             ... on level 6 of the Dungeon on Oct 8, 2015.
             The game lasted 01:06:27 (5937 turns).

dalore the Basher (Minotaur Berserker)              Turns: 5937, Time: 01:06:27

Health: 0/67       AC:  8    Str: 25    XL:     8   Next: 45%
Magic:  3/3        EV:  8    Int:  4    God:    Trog [****..]
Gold:   218        SH: 10    Dex:  9    Spells: 0 memorised, 7 levels left

rFire  . . .     SeeInvis .     y - +2 flail
rCold  . . .     Clarity  .     s - +0 scale mail
rNeg   . . .     SustAb   .     H - +2 shield
rPois  .         Gourm    .     (helmet restricted)
rElec  .         Spirit   .     D - +0 cloak
rCorr  .         Warding  .     (no gloves)
rMut   .         Stasis   .     (no boots)
MR     .....                    (no amulet)
Stlth  ..........               (no ring)
                                C - ring of flight

@: lethally poisoned (0 -> -10), exhausted, not resistant to hostile
enchantments, extremely unstealthy
A: retaliatory headbutt, horns 2
a: Burn Spellbooks, Berserk, Trog's Hand, Brothers in Arms, Renounce Religion,
Evoke Flight


You were on level 6 of the Dungeon.
You worshipped Trog.
Trog was greatly pleased with you.
You were not hungry.

You visited 2 branches of the dungeon, and saw 8 of its levels.

You collected 218 gold pieces.

Inventory:

Hand weapons
 a - a +0 mace
 b - a +4 whip
 q - a +2 quarterstaff of chaos
 y - a +2 flail (weapon)
 E - a +0 hammer
Missiles
 k - 13 needles of confusion
 r - 5 tomahawks (quivered)
 z - 6 javelins
Armour
 s - a +0 scale mail (worn)
 D - a +0 cloak (worn)
 H - a +2 shield (worn)
Jewellery
 C - a ring of flight (left hand)
 L - an uncursed ring of protection from magic {unknown}
Magical devices
 u - a wand of disintegration (5)
 F - a wand of draining (7)
Scrolls
 e - 2 scrolls of blinking {unknown}
 f - a scroll of enchant armour {unknown}
 g - 7 scrolls of identify
 i - a scroll of random uselessness
 l - a scroll of enchant weapon {unknown}
 n - a scroll of amnesia {unknown}
 o - a scroll of teleportation
 t - 2 scrolls of fear {unknown}
 v - a scroll of immolation {unknown}
 w - 2 scrolls of remove curse
 x - a scroll of recharging {unknown}
 G - a scroll of noise {unknown}
Potions
 h - a potion of magic
 j - 2 potions of haste
 m - a potion of invisibility {unknown}
 p - a potion of agility {unknown}
 A - a potion of berserk rage {unknown}
 B - a potion of poison
 J - a potion of might
Comestibles
 c - 5 bread rations
 d - 4 fruits
 I - 5 chunks of flesh
 K - a meat ration


   Skills:
 + Level 4.3 Fighting
 + Level 11.4 Maces & Flails
 + Level 4.6 Armour
 + Level 3.5 Dodging
 * Level 1.4 Shields


You had 7 spell levels left.
You didn't know any spells.

Dungeon Overview and Level Annotations

Branches:
Dungeon (7/15)             Temple (1/1) D:5

Altars:
Ashenzari
Cheibriados
Dithmenos
Elyvilon
Gozag
Kikubaaqudgha
Makhleb
Okawaru
Ru
Sif Muna
Trog
Vehumet
Xom
Yredelemnul

Annotations:
D:5 1 runed door


Innate Abilities, Weirdness & Mutations

You reflexively headbutt those who attack you in melee.
You have a pair of horns on your head.


Message History

* * * LOW HITPOINT WARNING * * *
Drink which item? (? for menu, Esc to quit)
Okay, then.
Your shield and scale mail prevent you from hitting the orc warrior.
The orc warrior hits you with a hand axe.
* * * LOW HITPOINT WARNING * * *
Drink which item? (? for menu, Esc to quit)
It was a potion of magic.
Magic courses through your body. You block the orc warrior's attack.
Drink which item? (? for menu, Esc to quit)
It was a potion of poison.
That liquid tasted very nasty...
You are lethally poisoned!
You feel yourself speed up.
* * * LOW HITPOINT WARNING * * *
You feel sick.
The orc warrior hits you with a hand axe.
* * * LOW HITPOINT WARNING * * *
You block the orc warrior's attack.
You die...

#...#.# #.# #...#.#
#.# #####...#.# #.#
........#.### #.#
............#####.##
#####.#.#.#........#
#.#.#.......#..#
#####.#.###........#
#...............@>o#
#.############..##.#
#.# #..##.# #.#
#..##.# #.#
#.....###### #.#
#######..........#
#.#
#........##.####.#
#.# #.#####..##.##
#.# #.# #.# #..##..#
#.#


You could see an orc warrior.

Vanquished Creatures
  An orc warrior (D:7)
  2 ogres
  5 wights (D:6)
  A giant frog zombie (D:5)
  A gnoll shaman (D:4)
  A jelly (D:7)
  Crazy Yiuf (D:4)
  An orc priest (D:6)
  4 hounds
  5 orc wizards
  An iguana (D:5)
  A giant frog skeleton (D:4)
  8 worker ants
  8 gnolls
  5 adders
  A shadow imp (D:6)
  2 giant mites
  A river rat (D:5)
  6 worms
  An adder skeleton (D:4)
  An adder zombie (D:5)
  3 giant geckos
  2 oozes
  15 orcs
  6 ball pythons
  8 bats
  2 bat skeletons (D:4)
  10 goblins
  9 hobgoblins
  8 jackals
  3 quokkas
  9 giant cockroaches
  2 giant newts
  A goblin skeleton (D:5)
  10 kobolds
  A kobold skeleton (D:5)
  A quokka zombie (D:6)
  25 rats
  5 fungi (D:4)
177 creatures vanquished.

Notes
Turn   | Place    | Note
--------------------------------------------------------------
     0 | D:1      | dalore, the Minotaur Berserker, began the quest for the Orb.
     0 | D:1      | Reached XP level 1. HP: 19/19 MP: 1/1
    37 | D:1      | Reached XP level 2. HP: 21/27 MP: 1/1
    95 | D:1      | Reached skill level 4 in Maces & Flails
   727 | D:1      | Reached XP level 3. HP: 33/33 MP: 2/2
   752 | D:1      | Acquired Trog's second power
   957 | D:2      | Reached skill level 5 in Maces & Flails
  1506 | D:2      | Reached XP level 4. HP: 40/40 MP: 2/2
  1586 | D:3      | Found a snail-covered altar of Cheibriados.
  1786 | D:3      | Reached skill level 6 in Maces & Flails
  2132 | D:4      | Reached XP level 5. HP: 44/46 MP: 2/2
  2153 | D:4      | Reached skill level 7 in Maces & Flails
  2180 | D:5      | Entered Level 5 of the Dungeon
  2247 | D:5      | Noticed an ogre
  2274 | D:5      | HP: 2/46 [ogre/giant club (22)]
  2276 | D:5      | Killed an ogre
  2276 | D:5      | Reached skill level 8 in Maces & Flails
  2276 | D:5      | Reached XP level 6. HP: 2/52 MP: 3/3
  2703 | D:5      | Reached skill level 9 in Maces & Flails
  2782 | D:5      | Found a glowing drain.
  2861 | D:5      | Acquired Trog's third power
  2919 | D:5      | Found a shimmering altar of Xom.
  3002 | D:5      | Reached XP level 7. HP: 25/58 MP: 3/3
  3318 | D:5      | Found a staircase to the Ecumenical Temple.
  3325 | Temple   | Entered the Ecumenical Temple
  3531 | D:5      | Found a runed door.
  3534 | D:5      | Noticed a human
  3541 | D:5      | Found a basalt altar of Yredelemnul.
  3810 | D:4      | Noticed an ogre
  3818 | D:4      | Killed an ogre
  3818 | D:4      | Reached skill level 10 in Maces & Flails
  4614 | D:4      | Noticed Crazy Yiuf
  4622 | D:4      | Killed Crazy Yiuf
  4770 | D:5      | Upgraded the game from 0.16.1-51-g6203257 to 0.16.2-12-gd0ad4c3
  4786 | D:6      | Found a burning altar of Makhleb.
  4986 | D:6      | Reached XP level 8. HP: 54/66 MP: 3/3
  5105 | D:6      | Found a basalt altar of Yredelemnul.
  5105 | D:6      | Found a white marble altar of Elyvilon.
  5219 | D:6      | Reached skill level 11 in Maces & Flails
  5893 | D:7      | Reached skill level 1 in Shields
  5936 | D:6      | HP: 2/67 [orc warrior/hand axe (2)]
  5937 | D:6      | Succumbed to poison (a potion of poison)

Action                   |  1- 3 |  4- 6 |  7- 9 || total
-------------------------+-------+-------+-------++-------
Melee: Mace              |   109 |   126 |       ||   235
       Morningstar       |       |    13 |    60 ||    73
       Whip              |       |       |    39 ||    39
       Flail             |       |       |    75 ||    75
Throw: Tomahawk          |       |     1 |     8 ||     9
Invok: Berserk           |       |     1 |     4 ||     5
Evoke: Wand              |       |     1 |       ||     1
  Use: Potion            |       |     3 |     2 ||     5
       Scroll            |       |       |     4 ||     4
  Eat: Chunk             |     1 |     6 |    13 ||    20
       Fruit             |       |     1 |     1 ||     2
